AoeStats
← EmirR6S

Black Forest

506437869Analyzed
3v3 RM · 18d ago on Sep 13, 2026· 56m 25s· 6 players
Game mode
Random Map
Map size
Normal (6 player)
Population
200
Speed
Normal
Resources
Standard
Victory
Conquest
Starting age
Dark Age
Ending age
Imperial Age
RankedLock teamsTeams togetherTeam positionsShared explorationLock speedFull tech treeHidden civsTurbo modeCheats
Victory
Defeat
🇷🇴 Spanish · Romania
967
+11
🇷🇴 Franks · Romania
917
+20
🇷🇴 Persians · Romania
915
+13
🇨🇳 Poles · China
874
-13
🇮🇹 Portuguese · Italy
867
-13
🇺🇸 Magyars · United States
822
-11
recentbutdecent
2:38 Loom
13:42 Feudal Age
14:10 Horse Collar
14:35 Double-Bit Axe
21:44 Castle Age
21:58 Bloodlines
22:57 Wheelbarrow
22:42 Bow Saw
22:34 Heavy Plow
23:56 Husbandry
27:56 Hand Cart
27:08 Light Cavalry
29:16 Scale Barding Armor
34:14 Imperial Age
32:52 Chain Barding Armor
33:45 Corvinian Army
34:00 Town Watch
34:19 Elite Magyar Huszar
35:24 Conscription
35:58 Plate Barding Armor
43:33 Pikeman
44:20 Halberdier
46:23 Scale Mail Armor
399248324
14:29 Feudal Age
15:04 Horse Collar
16:30 Double-Bit Axe
20:15 Castle Age
18:35 Scale Barding Armor
19:33 Forging
20:38 Stone Mining
22:44 Gold Mining
23:43 Wheelbarrow
23:06 Light Cavalry
25:42 Heavy Plow
25:55 Bow Saw
28:51 Chain Barding Armor
31:18 Hand Cart
35:56 Imperial Age
33:52 Bloodlines
34:20 Iron Casting
35:07 Stone Shaft Mining
34:28 Loom
35:50 Szlachta Privileges
35:52 Husbandry
36:14 Scale Mail Armor
37:19 Crop Rotation
37:13 Lechitic Legacy
36:16 Elite Obuch
37:15 Chain Mail Armor
36:24 Winged Hussar
38:28 Plate Mail Armor
38:33 Conscription
39:36 Blast Furnace
38:48 Town Watch
43:01 Fletching
44:02 Capped Ram
45:02 Siege Ram
The Shark
0:51 Loom
14:30 Feudal Age
15:56 Wheelbarrow
15:13 Double-Bit Axe
15:10 Horse Collar
17:33 Town Watch
20:02 Castle Age
18:15 Stone Mining
18:29 Gold Mining
21:04 Hand Cart
21:13 Bow Saw
26:23 Pikeman
28:21 Fletching
28:17 Elite Skirmisher
29:55 Bloodlines
30:10 Heavy Plow
31:30 Husbandry
31:56 Arson
31:57 Gambesons
33:29 Ballistics
36:41 Imperial Age
34:48 Padded Archer Armor
35:07 Murder Holes
35:52 Caravan
36:12 Bodkin Arrow
36:32 Leather Archer Armor
36:29 Thumb Ring
36:16 Light Cavalry
37:48 Conscription
38:52 Chemistry
38:35 Crop Rotation
38:34 Bracer
39:05 Ring Archer Armor
38:48 Treadmill Crane
38:32 Halberdier
39:51 Ring Archer Armor
40:38 Two-Man Saw
40:25 Cavalier
42:59 Scale Mail Armor
43:10 Forging
45:32 Scale Barding Armor
54:07 Chain Barding Armor
54:22 Iron Casting
EmirR6S
11:54 Feudal Age
16:44 Castle Age
15:07 Double-Bit Axe
17:13 Horse Collar
20:37 Wheelbarrow
24:14 Heavy Plow
25:08 Forging
25:17 Hand Cart
25:22 Caravan
25:59 Stone Mining
25:59 Gold Mining
27:04 Town Watch
27:05 Loom
27:17 Gold Mining
27:39 Bow Saw
28:29 Town Patrol
29:06 Iron Casting
28:36 Scale Barding Armor
29:20 Stone Shaft Mining
29:20 Gold Shaft Mining
31:12 Chain Barding Armor
30:54 Scale Mail Armor
30:45 Fletching
30:55 Padded Archer Armor
33:51 Imperial Age
32:19 Husbandry
32:29 Bloodlines
32:26 Kamandaran
32:54 Pikeman
35:09 Blast Furnace
34:46 Plate Barding Armor
34:26 Cavalier
35:53 Conscription
36:22 Savar
36:58 Capped Ram
38:23 Squires
38:09 Arson
38:54 Halberdier
42:56 Crossbowman
43:42 Thumb Ring
53:32 Crop Rotation
54:07 Two-Man Saw
55:29 Spies/Treason
YANNICKKO
5:32 Loom
13:48 Feudal Age
23:08 Castle Age
25:44 Wheelbarrow
25:55 Gold Mining
25:56 Double-Bit Axe
27:35 Bow Saw
27:20 Stone Mining
28:05 Gold Shaft Mining
28:15 Gold Shaft Mining
34:10 Hand Cart
39:43 Imperial Age
38:06 Scale Barding Armor
39:35 Chain Barding Armor
41:01 Cavalier
42:29 Plate Barding Armor
44:16 Chivalry
43:44 Elite Throwing Axeman
44:48 #83
47:30 Paladin
George Droyd
0:30 Loom
12:11 Feudal Age
16:07 Castle Age
14:27 Double-Bit Axe
15:25 Horse Collar
18:32 Heavy Plow
21:29 Wheelbarrow
25:31 Bow Saw
26:50 Hand Cart
27:31 Stone Mining
27:31 Gold Mining
32:23 Imperial Age
29:49 Gold Mining
31:14 Padded Archer Armor
31:05 Fletching
32:38 Thumb Ring
32:56 Caravan
35:03 Chemistry
34:45 Elite Conquistador
36:18 Conscription
41:48 Leather Archer Armor
41:23 Fletching
45:02 Ballistics
45:15 Ring Archer Armor
44:40 Bodkin Arrow
50:54 Bracer
52:49 Scale Barding Armor
55:07 Spies/Treason
Connection lost

Rejoining the realm…

Still unreachable

The connection could not be restored.

Session expired

The server has moved on; the page needs a fresh start.